 Dungeon Crawl Stone Soup version 0.28.0-53-g5a82cb258f (webtiles) character file.

Game seed: 13243500606856909604

2540 safid the Severer (level 9, -2/59 (71) HPs)
             Began as a Hill Orc Fighter on Aug 1, 2022.
             Was an Initiate of Beogh.
             Slain by a wight
             ... wielding a +4 scimitar
              (3 damage)
             ... on level 6 of the Dungeon.
             The game lasted 00:07:00 (5002 turns).

safid the Severer (Hill Orc Fighter)                Turns: 5002, Time: 00:07:00

HP:   -2/59 (71)    AC: 10    Str: 23    XL:     9   Next: 55%
MP:   9/9           EV:  9    Int:  8    God:    Beogh [......]
Gold: 263           SH:  4    Dex: 10    Spells: 8/8 levels left

rFire   + . .      SeeInvis .   a - +0 war axe
rCold   + . .      Faith    .   c - +0 buckler
rNeg    . . .      Spirit   .   b - +0 scale mail
rPois   .          Reflect  .   h - +0 helmet
rElec   .          Harm     .   j - scarf {rC+ rF+}
rCorr   .          Rampage  .   g - +0 pair of gloves
Will    .....                   t - +0 pair of boots
Stlth   ..........              l - amulet of regeneration
HPRegen 0.99/turn               (no ring)
MPRegen 0.11/turn               (no ring)

@: heavily drained
A: no striking features
a: Renounce Religion


You were on level 6 of the Dungeon.
You worshipped Beogh.
Beogh was noncommittal.
You visited 1 branch of the dungeon, and saw 7 of its levels.

You collected 263 gold pieces.

Inventory:

Hand Weapons
 a - a +0 war axe (weapon)
 r - the +7 spear of Inconvenience {drain, rElec SInv}
   (You found it on level 4 of the Dungeon)

   A truly terrible weapon, it drains the life of any living foe it strikes.
   rElec:     It insulates you from electricity.
   SInv:      It lets you see invisible.
Missiles
 m - 5 poisoned darts
 o - 6 curare-tipped darts (quivered)
Armour
 b - a +0 scale mail (worn)
 c - a +0 buckler (worn)
 g - a +0 pair of gloves (worn)
 h - a +0 helmet (worn)
 j - a scarf of resistance (worn)
 t - a +0 pair of boots (worn)
Jewellery
 l - an amulet of regeneration (around neck)
Scrolls
 k - 3 scrolls of teleportation
 q - a scroll of blinking
 v - a scroll of fear {unknown}
Potions
 d - 2 potions of might
 e - 2 potions of heal wounds
 f - 2 potions of curing {unknown}
 i - a potion of flight {unknown}
 p - 2 potions of ambrosia
 s - a potion of invisibility {unknown}
 u - a potion of resistance {unknown}


   Skills:
 - Level 4.0 Fighting
 + Level 15.7 Axes
 - Level 4.0 Armour
 - Level 4.0 Shields


You had 8 spell levels left.
You didn't know any spells.
Your spell library contained the following spells:

 Spells                   Type           Power      Damage    Failure   Level
 Animate Skeleton         Necr           0%         N/A       80%         1
 Apportation              Tloc           0%         N/A       80%         1
 Magic Dart               Conj           0%         1d3       80%         1
 Summon Small Mammal      Summ           0%         N/A       80%         1
 Call Imp                 Summ           0%         N/A       91%         2
 Corpse Rot               Necr/Air       0%         N/A       91%         2
 Ensorcelled Hibernation  Hex/Ice        0%         N/A       91%         2
 Gell's Gravitas          Tloc           0%         N/A       99%         3
 Mephitic Cloud           Conj/Pois/Air  0%         N/A       99%         3
 Spider Form              Tmut/Pois      0%         N/A       99%         3
 Teleport Other           Tloc           0%         N/A       99%         3
 Anguish                  Hex/Necr       0%         N/A       100%        4
 Dispel Undead            Necr           0%         3d6       100%        4
 Death Channel            Necr           0%         N/A       100%        6
 Dispersal                Tloc           0%         N/A       100%        6


Dungeon Overview and Level Annotations

Branches:
Dungeon (7/15)             Temple (0/1) D:4

Altars:
Ru
Yredelemnul
Zin


Message History

Unknown command.
You hit the wight.
The wight is moderately damaged.
You closely miss the wight. The wight hits you with a +4 falchion.
* * * LOW HITPOINT WARNING * * *
You feel drained.
* * * LOW HITPOINT WARNING * * *
The wight hits you with a +4 scimitar.
* * * LOW HITPOINT WARNING * * *
You feel drained.
You feel much better. The wight hits you with a +4 falchion.
The wight hits you with a +4 scimitar.
You hit the wight.
The wight is heavily damaged.
You barely miss the wight. You block the wight's attack.
The wight closely misses you.
Unknown command.
You barely miss the wight.
The wight is heavily damaged.
You hit the wight.
Unknown command.
You closely miss the wight.
The wight is heavily damaged.
You hit the wight but do no damage. The wight hits you with a +4 falchion.
You feel drained. The wight hits you with a +4 scimitar!
Unknown command.
You slash the wight!
You destroy the wight!
Beogh accepts your kill.
You hit the wight but do no damage. The wight hits you with a +4 scimitar!
* * * LOW HITPOINT WARNING * * *
You feel drained.
* * * LOW HITPOINT WARNING * * *
Unknown command.
You hit the wight.
The wight is almost destroyed.
The wight hits you with a +4 scimitar!
* * * LOW HITPOINT WARNING * * *
You feel drained.
You die...

#.############.# #.# #.#
#.# #.######### #.#
#.#.......# #.# #.#.#####.#
#.# #.#.# #.# #.# #.#.#
#.####
#.############.#.#####.#...
#.#.......@)...............
#.#.##...z...#.#.....#.#.##
#.#.##.###.#.#.#####.#.#.##
#.#.##.# #.#.#....<#.#.#.##
#.#.##.# #.#.#######.#.#.##
#.#.##.###.................
#.#.##.........#####.#.#.##
#.#.#####.####.....#.#.#.##
#.#.....(.# #.....###.#.##


You could see a wight.

Vanquished Creatures
  Pikel (D:4)
  Prince Ribbit (D:6)
  3 black bears (D:6)
  An ice beast (D:6)
  2 sky beasts
  3 ogres
  A kobold brigand (D:6)
  Blork the orc (D:4)
  A bullfrog (D:6)
  A scorpion (D:5)
  2 wights (D:6)
  A bullfrog zombie (D:6)
  4 hounds (D:5)
  3 jellies
  2 centaur skeletons
  A gnoll shaman (D:5)
  Jessica (D:2)
  3 iguanas
  A scorpion zombie (D:5)
  3 orc wizards
  2 killer bee zombies
  8 adders
  2 adder zombies (D:4)
  22 orcs
  6 ball pythons
  7 bats
  3 endoplasms
  5 giant cockroaches
  3 hobgoblins
  5 jackals
  3 quokkas
  A frilled lizard (D:2)
  2 goblins
  8 kobolds
  5 rats
118 creatures vanquished.

Notes
Turn   | Place    | Note
-------+----------+-------------------------------------------
     0 | D:1      | safid the Hill Orc Fighter began the quest for the Orb.
     0 | D:1      | Reached XP level 1. HP: 19/19 MP: 1/1
   181 | D:1      | Reached XP level 2. HP: 27/27 MP: 2/2
   270 | D:1      | Reached skill level 3 in Axes
   914 | D:2      | Reached XP level 3. HP: 24/33 MP: 3/3
  1248 | D:2      | Noticed Jessica
  1263 | D:2      | Killed Jessica
  1264 | D:2      | Reached skill level 4 in Axes
  1264 | D:2      | Reached XP level 4. HP: 13/40 MP: 4/4
  1929 | D:3      | Reached skill level 5 in Axes
  1929 | D:3      | Reached XP level 5. HP: 45/46 MP: 5/5
  2362 | D:4      | Noticed Blork the orc
  2369 | D:4      | Killed Blork the orc
  2370 | D:4      | Reached skill level 6 in Axes
  2456 | D:4      | Found a staircase to the Ecumenical Temple.
  2541 | D:4      | Identified the +7 spear of Inconvenience {drain, rElec
                  | SInv}
  2815 | D:4      | Reached skill level 7 in Axes
  2815 | D:4      | Reached XP level 6. HP: 48/52 MP: 6/6
  2979 | D:4      | Noticed Pikel
  2998 | D:4      | Killed Pikel
  2999 | D:4      | Reached skill level 10 in Axes
  2999 | D:4      | Reached XP level 7. HP: 13/59 MP: 7/7
  3170 | D:4      | Found a basalt altar of Yredelemnul.
  3206 | D:5      | Entered Level 5 of the Dungeon
  3340 | D:5      | Reached skill level 11 in Axes
  3340 | D:5      | Reached XP level 8. HP: 66/66 MP: 8/8
  3481 | D:5      | Reached skill level 12 in Axes
  3950 | D:6      | Reached skill level 13 in Axes
  4179 | D:6      | Reached XP level 9. HP: 71/71 MP: 9/9
  4271 | D:6      | Reached skill level 14 in Axes
  4308 | D:6      | Noticed Prince Ribbit
  4320 | D:6      | Killed Prince Ribbit
  4353 | D:6      | Found a glowing silver altar of Zin.
  4383 | D:6      | Became a worshipper of Beogh the Brigand
  4432 | D:6      | Found a sacrificial altar of Ru.
  4532 | D:6      | Reached skill level 15 in Axes
  5002 | D:6      | HP: 1/62 [wight/+4 scimitar (15)]
  5002 | D:6      | Slain by a wight

Illustrated notes

Levels and vault maps discovered:
D:1:      psy_arrival_fountain, layout_basic
D:2:      layout_loops_ring, minmay_tromino_v2, uniq_jessica
D:3:      layout_rooms
D:4:      layout_basic, lemuel_zombie_altar_yredelemnul,
          minmay_temple_entry_wispy, serial_bayou_crossing, uniq_blork_the_orc,
          uniq_pikel
D:5:      minmay_general_purpose_star, layout_basic, nicolae_elevator_lobby_plus
D:6:      layout_basic, nicolae_overflow_crystal_walls,
          mainiacjoe_overflow_cross_hatched, uniq_prince_ribbit1
D:7:      layout_rooms, mainiacjoe_overflow_catch_the_wave

Skill      XL: |  1  2  3  4  5  6  7  8  9 |
---------------+----------------------------+-----
Axes           | 3 4 5 7 10 11 13 15 | 15.7
Fighting       | 4 |  4.0
Armour         | 4 |  4.0
Shields        | 4 |  4.0

Action                   |  1- 3 |  4- 6 |  7- 9 || total
-------------------------+-------+-------+-------++-------
Melee: War axe           |    74 |    98 |   259 ||   431
Throw: Dart              |       |     3 |       ||     3
Invok: Convert to Beogh  |       |       |     1 ||     1
  Use: Scroll            |       |       |     7 ||     7
       Potion            |       |       |     1 ||     1
Armor: Scale mail        |    35 |    45 |   113 ||   193
Dodge: Dodged            |    33 |    46 |    74 ||   153
Block: Buckler           |    15 |    22 |    44 ||    81
